General information
- name: BNet
- type: Ladder team game (AT/RT)
- host: Battle.net
- saver: Ze.Rath3isaFaig
map: DragonFalls
- players: 8
- length: 10:13
- speed: Fast
- version: 1.24 W3XP
- replay type: Public
» download(52 KB)
Players
team 1 (loser)
NaCHO.viDaL (
red | 65 APM | 281 actions | 04:19)
1 Death Knight
1 Death Coil
» actions
| Assign group hotkey | 2 | |
| Basic commands | 10 | |
| Build / train | 18 | |
| Enter build submenu | 6 | |
| Enter hero's abilities submenu | 1 | |
| Right click | 97 | |
| Select / deselect | 116 | |
| Select group hotkey | 23 | |
| Use ability | 8 | |
281 total
» units
| Acolyte | 3 | |
| Ghoul | 2 | |
| Crypt Fiend | 5 | |
10 total
» upgrades
» buildings
| Crypt | 1 | |
| Graveyard | 1 | |
| Altar of Darkness | 1 | |
| Ziggurat | 2 | |
| Tomb of Relics | 1 | |
| Nerubian Tower | 2 | |
8 total
» build order
00:24 Crypt
00:31 Graveyard
00:47 Altar of Darkness
01:16 Ziggurat
01:23 Tomb of Relics
02:27 Ziggurat
03:39 Nerubian Tower
03:39 Nerubian Tower
» items
| Rod of Necromancy | 1 | |
| Sacrificial Skull | 1 | |
2 total
2.4dinitrofenol (
teal | 69 APM | 270 actions | 03:55)
1 Death Knight
1 Death Coil
» actions
| Assign group hotkey | 5 | |
| Basic commands | 5 | |
| Build / train | 15 | |
| Enter build submenu | 10 | |
| Enter hero's abilities submenu | 1 | |
| Right click | 106 | |
| Select / deselect | 52 | |
| Select group hotkey | 65 | |
| Use ability | 11 | |
270 total
» units
| Acolyte | 3 | |
| Ghoul | 5 | |
| Crypt Fiend | 1 | |
9 total
» buildings
| Crypt | 1 | |
| Graveyard | 1 | |
| Ziggurat | 3 | |
| Altar of Darkness | 1 | |
| Tomb of Relics | 1 | |
| Halls of the Dead | 1 | |
8 total
» build order
00:06 Crypt
00:11 Graveyard
00:49 Ziggurat
00:51 Ziggurat
01:07 Altar of Darkness
02:05 Tomb of Relics
02:33 Ziggurat
02:53 Halls of the Dead
» items

»
PaPa_Mu (
green | 29 APM | 109 actions | 03:45)
1 Blademaster
1 Wind Walk
» actions
| Assign group hotkey | 1 | |
| Build / train | 15 | |
| Enter build submenu | 7 | |
| Enter hero's abilities submenu | 1 | |
| Right click | 45 | |
| Select / deselect | 31 | |
| Use ability | 9 | |
109 total
» units
» buildings
| Altar of Storms | 1 | |
| Orc Burrow | 3 | |
| Voodoo Lounge | 1 | |
| Barracks | 1 | |
| War Mill | 1 | |
7 total
» build order
00:14 Altar of Storms
00:18 Orc Burrow
01:15 Voodoo Lounge
01:23 Orc Burrow
01:56 Barracks
02:33 War Mill
03:13 Orc Burrow
» items
| Healing Salve | 1 | |
| Lesser Clarity Potion | 1 | |
2 total
team 2 (winner)
Ze.Rath3isaFaig (
purple | 60 APM | 610 actions | 10:13)
3 Death Knight
2 Death Coil
1 Unholy Aura
» actions
| Assign group hotkey | 7 | |
| Basic commands | 100 | |
| Build / train | 28 | |
| Enter build submenu | 15 | |
| Enter hero's abilities submenu | 3 | |
| Remove unit from queue | 1 | |
| Right click | 179 | |
| Select / deselect | 206 | |
| Select group hotkey | 45 | |
| Use ability | 26 | |
610 total
» units
| Acolyte | 2 | |
| Ghoul | 6 | |
| Crypt Fiend | 5 | |
| Furbolg Shaman | 2 | |
15 total
» upgrades
| Creature Attack | 1 | |
| Creature Carapace | 1 | |
| Unholy Strength | 2 | |
| Unholy Armor | 0 | |
4 total
» buildings
| Graveyard | 1 | |
| Crypt | 3 | |
| Ziggurat | 6 | |
| Tomb of Relics | 1 | |
| Altar of Darkness | 1 | |
| Nerubian Tower | 1 | |
| Halls of the Dead | 1 | |
| Black Citadel | 1 | |
15 total
» build order
00:36 Graveyard
00:38 Crypt
00:43 Ziggurat
00:54 Tomb of Relics
01:35 Ziggurat
02:00 Altar of Darkness
02:38 Nerubian Tower
03:45 Ziggurat
04:18 Halls of the Dead
07:24 Crypt
07:25 Crypt
07:27 Black Citadel
08:17 Ziggurat
08:18 Ziggurat
08:19 Ziggurat
» items

»
firezibo (
orange | 47 APM | 477 actions | 10:13)
3 Blademaster
2 Wind Walk
1 Critical Strike
1 Tauren Chieftain
1 Endurance Aura
» actions
| Assign group hotkey | 7 | |
| Basic commands | 27 | |
| Build / train | 29 | |
| Enter build submenu | 13 | |
| Enter hero's abilities submenu | 4 | |
| Right click | 145 | |
| Select / deselect | 127 | |
| Select group hotkey | 102 | |
| Use ability | 23 | |
477 total
» units
» upgrades
| Pillage | 1 | |
| Melee Weapons | 2 | |
| Ensnare | 1 | |
| Armor | 1 | |
5 total
» buildings
| Altar of Storms | 1 | |
| Orc Burrow | 7 | |
| Barracks | 1 | |
| Voodoo Lounge | 1 | |
| Stronghold | 1 | |
| War Mill | 1 | |
| Beastiary | 2 | |
14 total
» build order
00:22 Altar of Storms
00:24 Orc Burrow
01:08 Barracks
01:35 Voodoo Lounge
01:39 Orc Burrow
02:09 Orc Burrow
03:34 Stronghold
05:46 War Mill
06:00 Beastiary
06:02 Beastiary
07:07 Orc Burrow
07:09 Orc Burrow
07:16 Orc Burrow
08:19 Orc Burrow
tyrano (
yellow | 81 APM | 832 actions | 10:13)
2 Demon Hunter
1 Mana Burn
1 Evasion
» actions
| Assign group hotkey | 22 | |
| Basic commands | 174 | |
| Build / train | 21 | |
| ESC pressed | 1 | |
| Enter build submenu | 10 | |
| Enter hero's abilities submenu | 2 | |
| Right click | 330 | |
| Select / deselect | 111 | |
| Select group hotkey | 140 | |
| Use ability | 21 | |
832 total
» units
» buildings
| Altar of Elders | 1 | |
| Moon Well | 3 | |
| Ancient of War | 1 | |
| Tree of Ages | 1 | |
| Ancient of Wind | 2 | |
| Tree of Eternity | 1 | |
9 total
» build order
00:09 Altar of Elders
00:26 Moon Well
00:38 Ancient of War
01:34 Moon Well
03:17 Tree of Ages
03:20 Moon Well
07:02 Ancient of Wind
07:03 Tree of Eternity
08:29 Ancient of Wind
Dorian12 (
blue | 35 APM | 359 actions | 10:13)
2 Blood Mage
1 Flame Strike
1 Siphon Mana
1 Paladin
1 Holy Light
» actions
| Assign group hotkey | 16 | |
| Basic commands | 16 | |
| Build / train | 36 | |
| ESC pressed | 1 | |
| Enter build submenu | 14 | |
| Enter hero's abilities submenu | 3 | |
| Right click | 86 | |
| Select / deselect | 64 | |
| Select group hotkey | 100 | |
| Use ability | 23 | |
359 total
» units
| Peasant | 10 | |
| Footman | 9 | |
| Mortar Team | 2 | |
21 total
» upgrades
» buildings
| Farm | 7 | |
| Altar of Kings | 1 | |
| Barracks | 1 | |
| Lumber Mill | 1 | |
| Scout Tower | 1 | |
| Arcane Tower | 2 | |
| Keep | 1 | |
| Arcane Vault | 1 | |
| Castle | 1 | |
| Blacksmith | 1 | |
| Workshop | 1 | |
18 total
» build order
00:23 Farm
00:37 Altar of Kings
00:53 Barracks
00:56 Farm
01:11 Lumber Mill
02:02 Scout Tower
02:28 Arcane Tower
02:29 Arcane Tower
02:38 Farm
02:43 Farm
03:46 Keep
04:33 Farm
04:34 Farm
04:34 Farm
04:37 Arcane Vault
06:13 Castle
07:05 Blacksmith
07:48 Workshop
Chat log
(00:05 / All) Ze.Rath3isaFaig: well nacho
(00:09 / All) Ze.Rath3isaFaig: be preapred to get gayed
(00:09 / All) firezibo: red.... whats ur rank
(00:13 / All) NaCHO.viDaL: HI
(00:16 / Allies) tyrano: lol, longload hack
(00:17 / All) firezibo: sup dude
(00:28 / All) NaCHO.viDaL: ?
(00:39 / All) firezibo: in top 20.. whats ur rank
(00:48 / All) Ze.Rath3isaFaig: if you got another afk just leave
(00:57 / All) NaCHO.viDaL: 1
(00:59 / All) NaCHO.viDaL: OMG
(01:03 / All) Ze.Rath3isaFaig: lol time to search
(01:12 / All) NaCHO.viDaL: POPULARMEAT .. FCK CLAN GGLL SUX
(01:46 / All) NaCHO.viDaL: WOWW
(01:47 / Allies) tyrano: I want to play
(01:49 / Allies) Ze.Rath3isaFaig: can you search him out
(01:51 / All) NaCHO.viDaL: fck played
(02:20 / Allies) Ze.Rath3isaFaig: I'm sure you can see the entire map, but we can't
(02:23 / Allies) firezibo: yellow wanna harrass
(02:28 / Allies) tyrano: I cant see the map
(02:31 / Allies) tyrano: sure
(02:34 / Allies) Ze.Rath3isaFaig: is that even a question, they got an afk
(02:46 / Allies) tyrano: lemme heal
(02:49 / Allies) tyrano: and go
(02:49 / Allies) firezibo: yes
(02:54 / Allies) tyrano: go
(03:17 / Allies) firezibo: feeder
(03:21 / All) Ze.Rath3isaFaig: oh so nice of you to join us
(03:23 / All) NaCHO.viDaL: ^^
(03:26 / All) NaCHO.viDaL: fck team
(03:30 / All) NaCHO.viDaL: man
(03:31 / Allies) Ze.Rath3isaFaig: all go
(03:33 / All) NaCHO.viDaL: 2 gamess
(03:48 / All) Ze.Rath3isaFaig: gg
(03:50 / All) NaCHO.viDaL: ftw
(03:55 / All) NaCHO.viDaL: gg? :( :s
(03:56 / Allies) Dorian12: hehe
(03:59 / Allies) tyrano: I didnt even have to crash
(04:02 / All) Ze.Rath3isaFaig: well your team just left lol
(04:05 / All) Ze.Rath3isaFaig: it's gg
(04:05 / All) NaCHO.viDaL: fck mannn
(04:08 / All) NaCHO.viDaL: :(
(04:13 / All) Dorian12: one good scouting
(04:19 / All) Dorian12: PARTEE!
(04:40 / Allies) Ze.Rath3isaFaig: you know I really should've bsed you yellow
(04:52 / Allies) tyrano: I would have crashed you
(04:54 / Allies) Ze.Rath3isaFaig: but I won't, rather see how you play
(05:08 / Allies) tyrano: Im not so bad
(05:09 / Allies) firezibo: ill go raiders then
(05:26 / Allies) Ze.Rath3isaFaig: well that sc2nowc4yes faggot is horrid
(05:34 / Allies) tyrano: whos that
(05:41 / Allies) Ze.Rath3isaFaig: well he knows who you are
(05:50 / Allies) tyrano: never heard of him
(06:00 / Allies) Ze.Rath3isaFaig: he think she's the king of hacks
(06:21 / Allies) tyrano: I dont claim to be any good
(06:31 / Allies) tyrano: Seriously, I'm like the worst programmer on the scene
(06:34 / Allies) Ze.Rath3isaFaig: he just said you're a well known hacker
(09:19 / Allies) tyrano: micro that fiend
(09:39 / Allies) tyrano: why aint he leaving
(09:43 / Allies) firezibo: afk
(09:43 / Allies) Ze.Rath3isaFaig: he's not here
(09:49 / Allies) tyrano: oh yea
(09:50 / Allies) Ze.Rath3isaFaig: I guess he started to mine then left
(09:56 / Allies) Ze.Rath3isaFaig: his peons were mining
(10:04 / Allies) tyrano: zmap auto-ressource?